 Dungeon Crawl Stone Soup version 0.30-a0-165-g1891117ce2 (webtiles) character file.

Game seed: 2836641911732517851

9081 ICEMaiden the Nimble (level 11, -1/64 HPs)
             Began as a Deep Elf Conjurer on Sept 26, 2022.
             Was an Elder of Sif Muna.
             Slain by a slime creature (6 damage)
             ... on level 9 of the Dungeon on Sept 29, 2022.
             The game lasted 01:07:58 (14429 turns).

ICEMaiden the Nimble (Deep Elf Conjurer)           Turns: 14429, Time: 01:07:59

Health: -1/64      AC: 14    Str: 14    XL:     11   Next: 18%
Magic:  4/24       EV: 13    Int: 24    God:    Sif Muna [****..]
Gold:   685        SH:  4    Dex: 13    Spells: 3/25 levels left

rFire   . . .      SeeInvis .    a - +2 spear (venom)
rCold   + . .      Faith    .    N - +0 buckler
rNeg    . . .      Spirit   .    A - +4 ring mail {rC+}
rPois   .          Reflect  .    v - +0 helmet
rElec   .          Harm     .    Q - +0 cloak
rCorr   .          Rampage  .    x - +1 pair of gloves
Will    +....                    (no boots)
Stlth   ++........               w - amulet of regeneration
HPRegen 1.00/turn                s - +6 ring of strength
MPRegen 0.19/turn                E - ring of wizardry

@: slowed, very slow
A: no striking features
a: Renounce Religion, Channel Magic, Forget Spell, Divine Exegesis


You were on level 9 of the Dungeon.
You worshipped Sif Muna.
Sif Muna was greatly pleased with you.
You visited 2 branches of the dungeon, and saw 12 of its levels.
You also visited: Ossuary.

You collected 1021 gold pieces.
You spent 336 gold pieces at shops.

Inventory:

Hand Weapons
 a - a +2 spear of venom (weapon)
 b - the +7 flail of Inflation {antimagic, Fly rF++ Will+++ Int-4}
   (You found it on level 4 of the Dungeon)

   It reduces the magical energy of the wielder, and disrupts the spells and
   magical abilities of those it strikes.
   Natural abilities and divine invocations are not affected.
   Int:       It affects your intelligence (-4).
   rF:        It greatly protects you from fire.
   Fly:       It grants you flight.
   Will:      It greatly increases your willpower.
 P - a +2 trident
Armour
 g - an orb of light
 i - a +2 chain mail of willpower
 v - a +0 helmet (worn)
 x - a +1 pair of gloves (worn)
 A - a +4 ring mail of cold resistance (worn)
 C - a +1 robe of fire resistance
 N - a +0 buckler (worn)
 O - +0 steam dragon scales
 Q - a +0 cloak (worn)
Jewellery
 s - a +6 ring of strength (left hand)
 w - an amulet of regeneration (around neck)
 B - a ring of fire
 E - a ring of wizardry (right hand)
 L - a +6 ring of strength
Wands
 l - a wand of polymorph (5)
 u - a wand of digging (10)
Scrolls
 f - 2 scrolls of torment {unknown}
 j - 8 scrolls of teleportation
 k - a scroll of immolation {unknown}
 o - 2 scrolls of brand weapon {unknown}
 q - 2 scrolls of enchant weapon {unknown}
 t - 4 scrolls of fog {unknown}
 y - 2 scrolls of vulnerability {unknown}
 D - 2 scrolls of poison {unknown}
 M - a scroll of amnesia {unknown}
 R - a scroll of summoning {unknown}
Potions
 c - a potion of lignification
 d - 2 potions of curing
 p - 2 potions of attraction
 r - 2 potions of haste
 z - 4 potions of resistance
 F - a potion of ambrosia
 H - a potion of brilliance
 I - a potion of flight
 J - 2 potions of cancellation
 K - a potion of mutation
 S - a potion of might


   Skills:
 * Level 5.6 Fighting
 + Level 0.9 Polearms
 * Level 3.6 Armour
 * Level 8.8 Dodging
 + Level 4.6 Stealth
 * Level 2.8 Shields
 + Level 7.5 Spellcasting
 + Level 7.1 Conjurations
 - Level 5.2 Hexes
 + Level 5.1 Summonings
 + Level 0.0 Necromancy
 - Level 4.5 Translocations
 + Level 5.0 Earth Magic
 + Level 3.6 Invocations
 + Level 3.5 Evocations


You had 3 spell levels left.
You knew the following spells:

 Your Spells              Type           Power      Damage    Failure   Level
a - Magic Dart            Conj           100%       1d8       1%          1
b - Searing Ray           Conj           86%        2d7       1%          2
c - Iskenderun's Mystic   Conj/Tloc      37%        2d9       6%          4
d - Fulminant Prism       Conj/Hex       19%        3d11      6%          4
p - Iskenderun's Battles  Conj           43%        2d9       11%         5
q - Call Canine Familiar  Summ           33%        N/A       2%          3
v - Dazzling Flash        Conj/Hex       76%        N/A       1%          3

Your spell library contained the following spells:

 Spells                   Type           Power      Damage    Failure   Level
 Foxfire                  Conj/Fire      100%       2x1d9     1%          1
 Portal Projectile        Hex/Tloc       64%        N/A       2%          3
 Inner Flame              Hex/Fire       21%        N/A       8%          3
 Kindle Blastsparks       Fire/Tloc/Air  32%        2d12      12%         3
 Leda's Liquefaction      Hex/Erth       16%        N/A       9%          4
 Flame Wave               Conj/Fire      26%        2d8       16%         4
 Arcjolt                  Conj/Air       13%        1d23      41%         5
 Silence                  Hex/Air        10%        N/A       52%         5
 Iron Shot                Conj/Erth      19%        9d4       63%         6
 Agony                    Necr           9%         N/A       86%         5
 Spellforged Servitor     Conj/Summ      19%        N/A       99%         7


Dungeon Overview and Level Annotations

Branches:
Dungeon (11/15)            Temple (1/1) D:4            Lair (0/5) D:9
    Orc (0/2) D:11        Ossuary (visited)

Altars:
Ashenzari
Cheibriados
Dithmenos
Elyvilon
Fedhas
Gozag
Hepliaklqana
Kikubaaqudgha
Makhleb
Nemelex Xobeh
Okawaru
Qazlal
Ru
Sif Muna
Trog
Uskayaw
Vehumet
Wu Jian
Xom
Yredelemnul
Zin
The Shining One

Shops:
D:1 (   D:2 (   D:10 (   D:11 ([!

Annotations:
D:9 Gastronok
D:11 3 runed translucent doors, Sobieck's ghost, journeyman PaFi


Message History

The sixfirhy hits your fulminant prism!
Your fulminant prism detonates feebly.
The white imp gestures at you.
The puff of frost hits you but does no damage.
The kobold brigand hits you with a +0 whip.
The kobold demonologist looks encouraged for a moment.
The white imp gestures at you.
The puff of frost hits you but does no damage.
The kobold demonologist casts a spell.
Unknown command.
Casting: Fulminant Prism (dangerous; 6% risk of failure)
Confirm with . or Enter, or press ? or * to list all spells.
Aiming: Fulminant Prism (dangerous; 6% risk of failure)
Press: ? - help, Dir - move target You conjure a prism of explosive energy!
A fulminant prism comes into view.
The sixfirhy misses you.
Your battlesphere fires!
The barrage of energy hits the fire dragon.
The fire dragon is lightly wounded.
The sixfirhy hits you. The sixfirhy shocks you! The sixfirhy hits you.
The sixfirhy shocks you! The ufetubus misses you.
The ufetubus hits you but does no damage.
The shadow imp barely misses you.
The kobold demonologist hits you with a +0 dagger.
* * * LOW HITPOINT WARNING * * *
The sixfirhy hits you.
* * * LOW HITPOINT WARNING * * *
The sixfirhy shocks you!
* * * LOW HITPOINT WARNING * * *
The red devil barely misses you. The ufetubus hits you.
* * * LOW HITPOINT WARNING * * *
The ufetubus barely misses you.
Okay, then.
You feel much better. The sixfirhy hits you.
* * * LOW HITPOINT WARNING * * *
The sixfirhy shocks you!
* * * LOW HITPOINT WARNING * * *
The slime creature hits you.
You die...

...... #......# ...
).... #......# ....
#)..####......#
...####4..#.........#
#.....)..#.........#
#.....*..#..##.....#
#....54K)#..##.....#
#...J3KK.'..##.....#
#....@D5.#..##.....#
#.....5*.#..##....>#
####........#..##.....#
...........#..##.....#
...........#.........#
...#'#######..D......#
#######
...#.D....(..........#
......#
...#....>............#
......#
....'.......#######.)<#


You could see a fire dragon, a slime creature, an ice devil (summoned), 2 kobold
demonologists, a sixfirhy (summoned, ally target), a red devil (summoned, ally
target), a kobold brigand, a white imp (summoned), a shadow imp (summoned), an
ufetubus (summoned), a friendly fulminant prism and a friendly battlesphere.

Vanquished Creatures
  A two-headed ogre (D:9)
  2 gargoyles
  An unseen horror (D:11)
  A kobold demonologist (D:10)
  A hornet (D:8)
  Grinder (D:5)
  5 yaks (D:10)
  A wyvern (D:9)
  3 steam dragons
  5 vampire mosquitoes
  Edmund (D:5)
  2 acid dragons
  3 ice beasts
  A black bear (D:8)
  3 centaurs
  4 phantoms
  2 kobold brigands (D:9)
  2 necrophages
  A scorpion (D:5)
  2 bullfrogs
  11 wights
  7 killer bees
  8 howler monkeys
  5 hounds
  2 jellies
  2 gnoll boudas
  8 orc priests
  Jessica (D:2)
  Terence (D:2)
  4 iguanas (D:6)
  8 orc wizards
  Ijyb (D:5)
  7 mummies (Ossuary)
  Robin (D:2)
  17 gnolls
  7 adders
  2 shadow imps
  A white imp (D:6)
  An ufetubus (D:4)
  2 dart slugs
  50 orcs
  3 bats
  5 endoplasms
  8 giant cockroaches
  3 gnoll zombies (Ossuary)
  14 goblins
  12 hobgoblins
  2 quokkas
  9 ball pythons
  5 frilled lizards
  2 hobgoblin zombies (Ossuary)
  8 kobolds
  A kobold zombie (Ossuary)
  An orc zombie (Ossuary)
  7 rats
268 creatures vanquished.

Vanquished Creatures (collateral kills)
  A shadow (D:11)
  A vampire mosquito (D:9)
  An orc warrior (D:6)
  A black bear (D:5)
  Blork the orc (D:5)
  2 bullfrogs
  A wight (D:8)
  2 howler monkeys
  A jelly (D:7)
  An orc wizard (D:7)
  A mummy (Ossuary)
  5 orcs
  A kobold zombie (Ossuary)
19 creatures vanquished.

Vanquished Creatures (others)
  80 fulminant prisms
  3 fungi (D:1)
  4 plants
87 creatures vanquished.

Grand Total: 374 creatures vanquished

Notes
Turn   | Place    | Note
-------+----------+-------------------------------------------
     0 | D:1      | ICEMaiden the Deep Elf Conjurer began the quest for the
                  | Orb.
     0 | D:1      | Reached XP level 1. HP: 10/10 MP: 6/6
    99 | D:1      | Found a faded altar of an unknown god.
   238 | D:1      | Reached XP level 2. HP: 15/15 MP: 4/8
   768 | D:1      | Found Latid's Weapon Emporium.
   799 | D:2      | Noticed Terence
   960 | D:2      | Learned a level 2 spell: Searing Ray
  1135 | D:2      | Noticed Robin
  1144 | D:2      | Killed Robin
  1145 | D:2      | Reached skill level 3 in Dodging
  1145 | D:2      | Reached XP level 3. HP: 20/20 MP: 5/10
  1743 | D:3      | Reached XP level 4. HP: 24/24 MP: 7/11
  1872 | D:3      | Learned a level 3 spell: Call Canine Familiar
  1876 | D:3      | Learned a level 3 spell: Dazzling Flash
  1946 | D:3      | Reached skill level 1 in Fighting
  2046 | D:3      | Reached skill level 1 in Hexes
  2046 | D:3      | Reached skill level 1 in Summonings
  2116 | D:3      | Reached skill level 1 in Translocations
  2364 | D:3      | Found a burning altar of Makhleb.
  2453 | D:3      | Reached XP level 5. HP: 6/29 MP: 4/12
  2453 | D:3      | HP: 1/29 [poisoned by a gnoll]
  2886 | D:2      | Reached skill level 1 in Earth Magic
  2972 | D:2      | Reached skill level 5 in Conjurations
  3130 | D:2      | Noticed Jessica
  3134 | D:2      | Killed Jessica
  3135 | D:2      | Reached skill level 4 in Dodging
  3146 | D:2      | Killed Terence
  3270 | D:2      | Found Cais's Weapon Boutique.
  3560 | D:4      | Reached XP level 6. HP: 33/35 MP: 8/14
  3836 | D:4      | Identified the +7 flail of Inflation {antimagic, Fly rF++
                  | Will+++ Int-4}
  3995 | D:4      | Learned a level 4 spell: Iskenderun's Mystic Blast
  4008 | D:4      | Found a glowing golden altar of the Shining One.
  4432 | D:4      | Found a staircase to the Ecumenical Temple.
  4577 | Temple   | Entered the Ecumenical Temple
  4769 | Temple   | Became a worshipper of Sif Muna the Loreminder
  4799 | D:5      | Entered Level 5 of the Dungeon
  4936 | D:5      | Reached XP level 7. HP: 32/40 MP: 8/15
  4944 | D:5      | Noticed Grinder
  4960 | D:5      | Killed Grinder
  4961 | D:5      | Reached skill level 5 in Dodging
  5268 | D:5      | Reached skill level 5 in Spellcasting
  5386 | D:5      | Noticed Blork the orc
  5397 | D:5      | Killed Blork the orc
  5534 | D:5      | Noticed Ijyb
  5574 | D:5      | Noticed Edmund
  5602 | D:5      | Reached * piety under Sif Muna
  5603 | D:5      | Reached XP level 8. HP: 36/46 MP: 10/17
  5630 | D:5      | Killed Ijyb
  5635 | D:5      | Killed Edmund
  5939 | D:5      | Found an opulent altar of Gozag.
  6126 | D:5      | Reached skill level 6 in Dodging
  6852 | D:6      | Found a sand-covered staircase.
  6858 | Ossuary  | Entered an ossuary
  6886 | Ossuary  | Reached skill level 1 in Armour
  6986 | Ossuary  | Reached ** piety under Sif Muna
  7241 | D:6      | Reached skill level 1 in Invocations
  7241 | D:6      | Reached skill level 1 in Evocations
  7241 | D:6      | Reached XP level 9. HP: 23/52 MP: 4/19
  7585 | D:6      | Reached skill level 7 in Dodging
  8255 | D:7      | Upgraded the game from 0.30-a0-149-g7f746667c4 to
                  | 0.30-a0-165-g1891117ce2
  8281 | D:7      | Noticed a gargoyle
  8660 | D:7      | You fall into a shaft and drop 3 floors!
  8660 | D:10     | Entered Level 10 of the Dungeon
  8666 | D:10     | Learned a level 4 spell: Fulminant Prism
  8733 | D:10     | Noticed a kobold demonologist
  8789 | D:9      | Noticed Gastronok
  8816 | D:10     | Found Peq Zuzydghi's Weapon Shoppe.
  8915 | D:9      | Noticed a two-headed ogre
  9002 | D:9      | Reached skill level 5 in Hexes
  9760 | D:8      | Reached XP level 10. HP: 55/58 MP: 12/21
 10341 | D:8      | Reached skill level 1 in Shields
 10343 | D:8      | Paralysed by a hornet for 2 turns
 10380 | D:8      | Reached skill level 5 in Fighting
 10573 | D:9      | Noticed a two-headed ogre
 10743 | D:9      | Found a staircase to the Lair.
 11374 | D:7      | Found a hazy altar of Hepliaklqana.
 11478 | D:7      | Killed a gargoyle
 11974 | D:9      | Noticed a fire dragon
 12038 | D:11     | Reached skill level 8 in Dodging
 12045 | D:11     | HP: 1/59 [orc priest/divine providence (16)]
 12203 | D:11     | Found Zyuklarph's Weapon Emporium.
 12520 | D:11     | Found Ixieke's Armour Shop.
 12528 | D:11     | Found Naunwef's Distillery.
 12537 | D:11     | Bought a potion of curing for 42 gold pieces
 12537 | D:11     | Bought a potion of cancellation for 112 gold pieces
 12537 | D:11     | Bought a potion of heal wounds for 70 gold pieces
 12537 | D:11     | Bought a potion of degeneration for 14 gold pieces
 12537 | D:11     | Bought a potion of curing for 42 gold pieces
 12537 | D:11     | Bought a potion of might for 56 gold pieces
 12562 | D:11     | Reached *** piety under Sif Muna
 12639 | D:11     | Found a staircase to the Orcish Mines.
 12837 | D:11     | Found a runed translucent gate.
 12837 | D:11     | Found a runed translucent gate.
 12838 | D:11     | Found a runed translucent gate.
 12838 | D:11     | Noticed Sobieck's ghost (journeyman PaFi)
 12856 | D:11     | Noticed a gargoyle
 13100 | D:9      | Killed a two-headed ogre
 13418 | D:10     | Reached skill level 5 in Summonings
 13418 | D:10     | Reached XP level 11. HP: 64/64 MP: 16/24
 13476 | D:10     | Reached **** piety under Sif Muna
 13523 | D:10     | Learned a level 5 spell: Iskenderun's Battlesphere
 13875 | D:10     | Reached skill level 5 in Earth Magic
 14425 | D:9      | Noticed a sixfirhy
 14429 | D:9      | Slain by a slime creature

Illustrated notes

Levels and vault maps discovered:
D:1:      minmay_arrival_semitransparent, layout_basic, serial_shops,
          nicolae_shop_behind_doors, shapermc_ecumenical_altar_ellora
D:2:      layout_basic, serial_shops, nicolae_shop_waterfront, uniq_jessica,
          uniq_robin, uniq_terence
D:3:      layout_loops_ring, lemuel_coloured_pillars_altar, st_stairs_14,
          nicolae_grassy_gnolls
D:4:      minmay_skewed_foursquare, layout_basic,
          mainiacjoe_overflow_six_doors_small,
          minmay_temple_entry_enclosed_plants
D:5:      layout_basic, nicolae_gozag_cash_rules_everything_around_me,
          uniq_edmund, uniq_blork_the_orc, uniq_ijyb, uniq_grinder
D:6:      layout_basic, enter_ossuary_5, hangedman_minor_gate_pass
D:7:      layout_basic, nicolae_hepliaklqana_hippocampus, nrook_uturn
D:8:      layout_loops_cross
D:9:      layout_stronghold, minmay_lair_entry_lava, minmay_three_doors,
          uniq_gastronok
D:10:     layout_rooms, serial_shops, shop, chequers_serial_rivers_room_b
D:11:     layout_irregular_city, hiddenorc2_lemuel, serial_shops, shop,
          nicolae_shop_window_shopping, nicolae_shop_hallway_plus,
          nicolae_shop_advertising_works [nicolae_subvault_shop_adworks], shop,
          ebering_ghost_rock_garden, minmay_crystal_room
Temple:   nicolae_temple_bog_church

Skill      XL: |  1  2  3  4  5  6  7  8  9 10 11 |
---------------+----------------------------------+-----
Dodging        | 3 4 5 6 7 8 |  8.8
Fighting       | 1 2 3 4 5 |  5.6
Hexes          | 1 2 3 4 5 |  5.2
Summonings     | 1 2 3 4 5 |  5.1
Translocations | 1 2 3 4 |  4.5
Earth Magic    | 1 2 3 4 5 |  5.0
Spellcasting   | 4 5 6 7 |  7.5
Conjurations   | 5 6 7 |  7.1
Armour         | 1 2 3 |  3.6
Invocations    | 1 2 3 |  3.6
Evocations     | 1 2 3 |  3.5
Stealth        | 3 4 |  4.6
Shields        | 2 |  2.8
Polearms       | |  0.9

Action                   |  1- 3 |  4- 6 |  7- 9 | 10-12 || total
-------------------------+-------+-------+-------+-------++-------
Melee: Unarmed           |     6 |       |       |       ||     6
       Dagger            |     3 |     3 |       |       ||     6
       Spear             |       |     6 |    63 |    79 ||   148
       Flail             |       |     1 |    34 |       ||    35
Throw: Javelin           |     3 |       |     2 |       ||     5
 Cast: Magic Dart        |    89 |    92 |    88 |    72 ||   341
       Searing Ray       |       |     9 |    29 |       ||    38
       Call Canine Famil |       |       |    26 |    15 ||    41
       Dazzling Flash    |       |       |    12 |     1 ||    13
       Iskenderun's Myst |       |       |     8 |     3 ||    11
       Fulminant Prism   |       |       |    14 |    67 ||    81
       Iskenderun's Batt |       |       |       |     4 ||     4
Invok: Channel Magic     |       |       |       |     2 ||     2
Evoke: Wand              |     1 |       |    11 |       ||    12
  Use: Scroll            |     1 |     4 |     4 |    12 ||    21
       Potion            |       |     1 |     8 |     9 ||    18
 Stab: Invisible         |       |       |     2 |       ||     2
       Sleeping          |       |       |     1 |       ||     1
       Distracted        |       |       |       |     1 ||     1
Armor: Robe              |     4 |     3 |    37 |       ||    44
       Chain mail        |       |       |     1 |       ||     1
       Skin              |       |       |     1 |       ||     1
       Ring mail         |       |       |       |    41 ||    41
       Steam dragon scal |       |       |       |    36 ||    36
Dodge: Dodged            |    19 |    19 |   129 |   129 ||   296
Block: Buckler           |       |       |     3 |    36 ||    39

Table legend: (Time is in decaauts)
 A = Elapsed time spent in this place.
 B = Non-inter-level travel time spent in this place.
 C = Inter-level travel time spent in this place.
 D = Time resting spent in this place.
 E = Time spent auto-exploring this place.
 F = Levels seen in this place.
 G = Mean time per level.
                   A        B        C        D        E       F      G
               +--------+--------+--------+--------+--------+-----+--------+
         Total |  14473 |  13452 |   1021 |   2707 |   7687 |  13 | 1113.3 |
       Dungeon |  13903 |  12923 |    980 |   2601 |   7532 |  11 | 1263.9 |
        Temple |    214 |    174 |     40 |      0 |    154 |   1 |  214.0 |
       Ossuary |    355 |    355 |      0 |    106 |      1 |   1 |  355.0 |
               +--------+--------+--------+--------+--------+-----+--------+

Top non-repeatable levels by time:
     D:5: 1626 daAuts
     D:8: 1475 daAuts
     D:7: 1471 daAuts
     D:6: 1456 daAuts
     D:3: 1391 daAuts
    D:10: 1378 daAuts
     D:2: 1273 daAuts
     D:4: 1076 daAuts
    D:11: 975 daAuts
     D:9: 931 daAuts
     D:1: 846 daAuts
 Ossuary: 355 daAuts
  Temple: 214 daAuts
